 Dungeon Crawl Stone Soup version 0.26-a0-1021-gda264ca44c (webtiles) character file.

Game seed: 16114984935634959590

7962 lunkers the Cleaver (level 11, -8/103 HPs)
             Began as a Palentonga Fighter on Dec 8, 2020.
             Was an Initiate of Gozag.
             Mangled by an eight-headed hydra (9 damage)
             ... on level 2 of the Lair of Beasts.
             The game lasted 00:14:17 (11980 turns).

lunkers the Cleaver (Palentonga Fighter)           Turns: 11980, Time: 00:14:18

Health: -8/103     AC: 15    Str: 23    XL:     11   Next: 3%
Magic:  11/11      EV:  8    Int:  8    God:    Gozag
Gold:   597        SH: 11    Dex: 10    Spells: 10/10 levels left

rFire    . . .     SeeInvis +   a - +0 war axe
rCold    . . .     Faith    .   c - +0 kite shield
rNeg     . . .     Spirit   .   E - +1 ring mail {rPois}
rPois    +         Reflect  .   B - +0 helmet
rElec    .         Harm     .   (no cloak)
rCorr    .         Rampage  .   (no gloves)
Will     +....                  (no barding)
Stlth    ..........             (no amulet)
HPRegen  0.27/turn              J - ring of poison resistance
MPRegen  0.12/turn              r - ring of willpower

@: gold aura, curled up
A: large, rugged brown scales 3, see invisible, deformed body, roll 1, armoured
tail, reflexive curl
a: Rolling Charge, Potion Petition, Call Merchant, Bribe Branch, Renounce
Religion


You were on level 2 of the Lair of Beasts.
You worshipped Gozag.
Gozag was pleased with you.
You visited 3 branches of the dungeon, and saw 12 of its levels.

You collected 770 gold pieces.
You paid 173 gold pieces to Gozag.

Inventory:

Hand Weapons
 a - a +0 war axe (weapon)
Armour
 b - a +0 scale mail
 c - a +0 kite shield (worn)
 p - a +0 tower shield
 A - a +0 tower shield
 B - a +0 helmet (worn)
 E - a +1 ring mail of poison resistance (worn)
Jewellery
 g - an uncursed ring of wizardry
 r - a ring of willpower (right hand)
 G - an uncursed ring of wizardry
 J - a ring of poison resistance (left hand)
Wands
 n - a wand of flame (42)
 u - a wand of iceblast (11)
 z - a wand of random effects (14)
 F - a wand of acid (1)
Scrolls
 e - 2 scrolls of immolation {unknown}
 f - a scroll of amnesia {unknown}
 j - 3 scrolls of magic mapping {unknown}
 k - 2 scrolls of noise {unknown}
 o - a scroll of fear {unknown}
 v - 3 scrolls of teleportation {unknown}
 y - a scroll of remove curse {unknown}
 D - 3 scrolls of enchant armour {unknown}
 H - a scroll of enchant weapon {unknown}
 I - a scroll of random uselessness {unknown}
Potions
 d - a potion of might
 h - 2 potions of lignification
 i - a potion of resistance {unknown}
 l - a potion of brilliance {unknown}
 m - 4 potions of mutation
 q - 4 potions of flight
 s - a potion of cancellation {unknown}
 t - 8 potions of curing
 w - 2 potions of ambrosia
 x - a potion of attraction {unknown}
 C - 2 potions of berserk rage
 K - a potion of heal wounds {unknown}
 L - a potion of haste {unknown}


   Skills:
 + Level 9.1 Fighting
 * Level 12.0 Axes
 - Level 2.4 Armour
 + Level 7.6 Shields


You had 10 spell levels left.
You didn't know any spells.
Your spell library contained the following spells:

 Spells                   Type           Power        Failure   Level
 Animate Skeleton         Necr           #.....       67%         1
 Apportation              Tloc           #.....       67%         1
 Corona                   Hex            #......      67%         1
 Summon Small Mammal      Summ           #...         67%         1


Dungeon Overview and Level Annotations

Branches:
Dungeon (9/15)             Temple (1/1) D:5            Lair (2/6) D:8
  Swamp: Lair:2-4    Shoals: Lair:2-4     Snake: Lair:2-4    Spider: Lair:2-4
    Orc: D:9-12

Altars:
Ashenzari
Cheibriados
Dithmenos
Elyvilon
Fedhas
Gozag
Hepliaklqana
Kikubaaqudgha
Makhleb
Nemelex Xobeh
Okawaru
Qazlal
Ru
Sif Muna
Trog
Uskayaw
Vehumet
Wu Jian
Xom
Yredelemnul
Zin
The Shining One
Jiyva

Shops:
D:4 :

Annotations:
Lair:1 3 runed translucent doors, mojowtm's ghost, journeyman SpGl
Lair:2 3 runed translucent doors, exclusion: oklob plant, Zapai's ghost, journeyman DgAr


Innate Abilities, Weirdness & Mutations

You are completely covered in rugged brown scales. (AC +3, +7% HP)
You have supernaturally acute eyesight. (SInv)
Armour fits poorly on your strangely shaped body.
You can roll at nearby foes to attack.
You have a long armoured tail.
You curl defensively after being hit.


Message History

Press: ? - help, Shift-Dir - straight line The bolt of acid hits the eight-headed hydra!
The eight-headed hydra is splashed with acid.
The eight-headed hydra seems to be corroded for longer.
The eight-headed hydra is almost dead.
The cane toad is no longer distracted by gold.
The wyvern becomes distracted by the nearby gold, dreaming of imaginary riches.
You block the eight-headed hydra's attack.
The eight-headed hydra bites you!
* * * LOW HITPOINT WARNING * * *
You block the eight-headed hydra's attack.
The eight-headed hydra bites you but does no damage.
The eight-headed hydra bites you!
* * * LOW HITPOINT WARNING * * *
The eight-headed hydra bites you.
* * * LOW HITPOINT WARNING * * *
The eight-headed hydra barely misses you.
The eight-headed hydra bites you!
You die...
Your body crumbles into a pile of gold.

#........##..#PPPP
.##........................
...................#P......
..#...(....................
..#........................
..........##P..............
.##......####...###.<......
.#.###..#.P.#..F###.$......
....##.P........@D.$$......
.#..#P...###+++###....l....
..#.##...#....YFl#.#.......
.........#......W#....S....
.........#..#.#.F#.........
.#...#...#.#...#?#.........
..#.#....#..#.#..#.........
..#.##...#..?=|..#.........
..# .


You could see an eight-headed hydra (corroded), a cane toad, a basilisk, a blink
frog, a water moccasin, a wyvern (unaware), a bullfrog, a dream sheep and
Zapai's ghost.

Vanquished Creatures
  A black mamba (Lair:1)
  4 cane toads (Lair:1)
  2 rime drakes (Lair:2)
  2 komodo dragons
  A vampire (D:9)
  10 yaks
  4 water moccasins (Lair:1)
  An orc warrior (D:6)
  2 sky beasts (D:8)
  An ice beast (D:5)
  4 phantoms
  A necrophage (D:5)
  7 ogres
  A centaur (D:6)
  A big kobold (D:8)
  7 bullfrogs
  A scorpion (D:5)
  5 killer bees
  3 howler monkeys (D:8)
  A centaur zombie (D:6)
  2 jellies
  2 bullfrog skeletons
  A gnoll shaman (D:5)
  A centaur skeleton (D:4)
  3 hounds
  6 orc priests
  7 worker ants
  4 iguanas
  5 orc wizards
  A worker ant zombie (D:6)
  4 gnolls
  10 adders
  5 white imps
  An ufetubus (D:5)
  4 oozes
  An adder skeleton (D:4)
  6 worms
  A dart slug (D:4)
  5 leopard geckos
  18 orcs
  9 bats
  8 giant cockroaches
  11 goblins
  8 hobgoblins
  13 jackals
  5 kobolds
  6 quokkas
  2 ball pythons
  5 frilled lizards
  A quokka skeleton (D:8)
  A quokka zombie (D:5)
  6 rats
221 creatures vanquished.

Vanquished Creatures (others)
  7 fungi
  11 plants
18 creatures vanquished.

Grand Total: 239 creatures vanquished

Notes
Turn   | Place    | Note
-------+----------+-------------------------------------------
     0 | D:1      | lunkers the Palentonga Fighter began the quest for the Orb.
     0 | D:1      | Reached XP level 1. HP: 20/20 MP: 1/1
    53 | D:1      | Reached XP level 2. HP: 19/27 MP: 2/2
   339 | D:1      | Reached XP level 3. HP: 25/33 MP: 3/3
   436 | D:1      | Reached skill level 3 in Axes
   866 | D:2      | Reached XP level 4. HP: 31/40 MP: 4/4
  1216 | D:2      | Found a snail-covered altar of Cheibriados.
  2012 | D:3      | Reached skill level 4 in Axes
  2012 | D:3      | Reached XP level 5. HP: 49/49 MP: 5/5
  2270 | D:3      | Found a faded altar of an unknown god.
  2512 | D:3      | Found a basalt altar of Yredelemnul.
  2882 | D:4      | Reached XP level 6. HP: 53/55 MP: 6/6
  2974 | D:4      | Reached skill level 5 in Axes
  3185 | D:4      | Found a sparkling altar of Nemelex Xobeh.
  3226 | D:4      | Found Ocimul's Book Shoppe.
  3348 | D:4      | Gained mutation: You curl defensively after being hit.
                  | [Palentonga growth]
  3348 | D:4      | Reached XP level 7. HP: 61/64 MP: 7/7
  3773 | D:5      | Entered Level 5 of the Dungeon
  3935 | D:5      | Reached skill level 5 in Fighting
  3935 | D:5      | Reached skill level 6 in Axes
  4193 | D:5      | Found a staircase to the Ecumenical Temple.
  4421 | D:5      | Reached XP level 8. HP: 27/73 MP: 8/8
  4429 | D:5      | Reached skill level 7 in Axes
  5066 | D:6      | Reached skill level 5 in Shields
  5069 | D:6      | Found a shimmering blue altar of Sif Muna.
  5349 | D:5      | Reached skill level 8 in Axes
  6307 | D:7      | Reached XP level 9. HP: 76/83 MP: 9/9
  6654 | D:6      | Reached skill level 9 in Axes
  8151 | D:8      | Reached skill level 10 in Axes
  8184 | D:8      | Found a staircase to the Lair.
  8434 | D:8      | Found a radiant altar of Vehumet.
  8701 | D:9      | Found a shimmering altar of Xom.
  8711 | D:9      | Found a hide-covered altar of Uskayaw.
  8787 | D:9      | HP: 2/84 [vampire/vampiric draining (9)]
  8897 | Temple   | Entered the Ecumenical Temple
  9263 | Temple   | Became a worshipper of Gozag Ym Sagoz the Greedy
  9338 | Lair:1   | Entered Level 1 of the Lair of Beasts
  9338 | Lair:1   | Found a runed translucent gate.
  9401 | Lair:1   | Found a runed translucent gate.
  9414 | Lair:1   | Noticed a komodo dragon
  9416 | Lair:1   | Killed a komodo dragon
  9417 | Lair:1   | Reached XP level 10. HP: 94/94 MP: 10/10
  9488 | Lair:1   | Noticed a black mamba
  9511 | Lair:1   | Killed a black mamba
  9522 | Lair:1   | Found a runed translucent gate.
  9757 | Lair:1   | Noticed mojowtm's ghost (journeyman SpGl)
  9757 | Lair:1   | Noticed a death ooze
  9758 | Lair:1   | Found a viscous altar of Jiyva.
  9797 | Lair:1   | Noticed a cane toad
  9807 | Lair:1   | Killed a cane toad
 10374 | Lair:1   | Noticed a cane toad
 10379 | Lair:1   | Noticed a cane toad
 10383 | Lair:1   | Killed a cane toad
 10392 | Lair:1   | Killed a cane toad
 10393 | Lair:1   | Reached skill level 11 in Axes
 10718 | Lair:1   | Noticed a cane toad
 10731 | Lair:1   | Killed a cane toad
 11947 | Lair:2   | Found a runed translucent gate.
 11948 | Lair:2   | Found a runed translucent gate.
 11949 | Lair:2   | Found a runed translucent gate.
 11953 | Lair:2   | Noticed an oklob plant
 11956 | Lair:2   | Noticed a cane toad
 11957 | Lair:2   | Noticed Zapai's ghost (journeyman DgAr)
 11967 | Lair:2   | Noticed an eight-headed hydra
 11975 | Lair:2   | Reached skill level 12 in Axes
 11975 | Lair:2   | Reached XP level 11. HP: 51/103 MP: 11/11
 11980 | Lair:2   | HP: 4/103 [eight-headed hydra (12)]
 11980 | Lair:2   | HP: 1/103 [eight-headed hydra (3)]
 11980 | Lair:2   | Mangled by an eight-headed hydra

Illustrated notes

Levels and vault maps discovered:
D:1:      matt_arrival_diagonals, layout_basic
D:2:      layout_basic, cheibriados_altar_1
D:3:      layout_basic, lemuel_doored_altar, chequers_ecumenical_altar_grove
D:4:      layout_loops_ring, kennysheep_mini_moat, serial_shops,
          nicolae_shop_crystal, dk_vineyard_1, hangedman_decor_lopped
D:5:      layout_basic, minmay_temple_entry_from_below_a, st_stairs_9,
          minmay_tree_intersection
D:6:      layout_rooms, tgw_sif
D:7:      layout_cave_pools, kennysheep_small_spiral
D:8:      layout_basic, lemuel_round_altar, lair_entry_dummy,
          blue_anna_alchemist [blue_anna_fruit_fields, blue_anna_fruit_fields]
D:9:      layout_irregular_city, minitemple, serial_shops,
          nicolae_shop_overgrown_old_shop, shop, nicolae_shop_trees, shop
Temple:   regret_index_temple_waves
Lair:1:   layout_cave_shapes, gammafunk_ghost_ooze, serial_bayou_lagoon_a
Lair:2:   layout_gridlike, guppyfry_snake_entry_island, gammafunk_ghost_split,
          gauntlet_entry_generic, serial_bayou_shore_a,
          minmay_lair_oklob_chamber

Skill      XL: |  1  2  3  4  5  6  7  8  9 10 |
---------------+-------------------------------+-----
Axes           | 3 4 5 6 8 10 12 | 12.0
Shields        | 3 4 5 6 7 |  7.6
Fighting       | 4 5 6 7 9 |  9.1
Armour         | |  2.4

Action                   |  1- 3 |  4- 6 |  7- 9 | 10-12 || total
-------------------------+-------+-------+-------+-------++-------
Melee: War axe           |    91 |   177 |   332 |   126 ||   726
       Tailslap          |     9 |    17 |    28 |    14 ||    68
 Abil: Rolling Charge    |    24 |    38 |    58 |    11 ||   131
Evoke: Wand              |       |       |    11 |     5 ||    16
  Use: Potion            |       |     1 |       |     1 ||     2
       Scroll            |       |       |     5 |       ||     5
 Stab: Distracted        |       |       |       |     1 ||     1
Armor: Scale mail        |    51 |    73 |    59 |       ||   183
       Ring mail         |       |       |    74 |    40 ||   114
Dodge: Dodged            |    21 |    41 |    88 |    33 ||   183
Block: Kite shield       |    44 |    78 |   171 |    65 ||   358

Table legend: (Time is in decaauts)
 A = Elapsed time spent in this place.
 B = Non-inter-level travel time spent in this place.
 C = Inter-level travel time spent in this place.
 D = Time resting spent in this place.
 E = Time spent auto-exploring this place.
 F = Levels seen in this place.
 G = Mean time per level.
                   A        B        C        D        E       F      G
               +--------+--------+--------+--------+--------+-----+--------+
         Total |  12140 |  11799 |    341 |   1588 |   8796 |  12 | 1011.7 |
       Dungeon |   9115 |   8799 |    316 |   1566 |   6064 |   9 | 1012.8 |
        Temple |    379 |    359 |     20 |      0 |    350 |   1 |  379.0 |
          Lair |   2645 |   2641 |      4 |     22 |   2382 |   2 | 1322.5 |
               +--------+--------+--------+--------+--------+-----+--------+

Top non-repeatable levels by time:
  Lair:1: 2342 daAuts
     D:5: 1681 daAuts
     D:8: 1445 daAuts
     D:2: 1367 daAuts
     D:4: 1193 daAuts
     D:6: 1056 daAuts
     D:3: 792 daAuts
     D:1: 740 daAuts
     D:7: 712 daAuts
  Temple: 379 daAuts
  Lair:2: 303 daAuts
     D:9: 125 daAuts
